 Dungeon Crawl Stone Soup version 0.30-b1-2-g02819fbbbe (webtiles) character file.

Game seed: 18298105148347485486

198 Fartwhistle the Changer (level 5, 0/44 HPs)
             Began as a Naga Transmuter on June 6, 2023.
             Killed by divine providence
             ... invoked by an orc priest
              (16 damage)
             ... on level 3 of the Dungeon.
             The game lasted 00:06:05 (3117 turns).

Fartwhistle the Changer (Naga Transmuter)           Turns: 3117, Time: 00:06:05

Health: 0/44       AC:  2    Str: 12    XL:     5   Next: 76%
Magic:  5/9        EV: 19    Int: 15    God:
Gold:   53         SH:  0    Dex: 17    Spells: 4/10 levels left

rFire   . .          .
                       - Unarmed
rCold   . . .        (shield currently unavailable)
rNeg    . . .        a - melded +0 robe
rPois   x            (helmet currently unavailable)
rElec   .            (cloak currently unavailable)
rCorr   .            (gloves currently unavailable)
SInv    +            (no barding)
Will    .....        (no amulet)
Stlth   ++           (no ring)
HPRegen 0.27/turn    (no ring)
MPRegen 0.11/turn

%: no passive effects
@: spider-form
A: venomous fangs, AC +1, tiny, see invisible, (deformed body), (poison
resistance), (slowness 2), spit poison 1, (naga tail 1)
a: Spit Poison, End Transformation


You were on level 3 of the Dungeon.
You were a venomous arachnid creature.
You visited 1 branch of the dungeon, and saw 3 of its levels.

You collected 53 gold pieces.

Inventory:

Hand Weapons
 d - a +0 dagger of venom
Armour
 a - a +0 robe (melded)
Jewellery
 c - a ring of positive energy
 j - a ring of flight
Scrolls
 b - a scroll of poison {unknown}
 e - 2 scrolls of immolation {unknown}
 f - a scroll of teleportation {unknown}
 g - a scroll of amnesia {unknown}
 h - 2 scrolls of identify {unknown}
 i - a scroll of blinking {unknown}
 k - a scroll of brand weapon {unknown}
Potions
 l - 2 potions of flight {unknown}


   Skills:
 - Level 1.0 Fighting
 - Level 1.5 Dodging
 - Level 3.0 Unarmed Combat
 + Level 3.2 Spellcasting
 * Level 4.7 Transmutations
 - Level 2.0 Poison Magic


You had 4 spell levels left.
You knew the following spells:

 Your Spells              Type           Power      Damage    Failure   Level
a - Beastly Appendage     Tmut           32%        N/A       10%         1
b - Wereblood             Tmut           16%        N/A       13%         2
c - Spider Form           Tmut/Pois      12%        N/A       34%         3

Your spell library contained the following spells:

 Spells                   Type           Power      Damage    Failure   Level
 Foxfire                  Conj/Fire      8%         2x1d4     41%         1
 Summon Small Mammal      Summ           8%         N/A       41%         1
 Call Canine Familiar     Summ           2%         N/A       73%         3
 Summon Guardian Golem    Hex/Summ       2%         N/A       73%         3
 Ice Form                 Ice/Tmut       9%         N/A       78%         4
 Fireball                 Conj/Fire      1%         3d3       100%        5
 Plasma Beam              Fire/Air       1%         2x1d12    100%        6
 Starburst                Conj/Fire      1%         6d3       100%        6


Dungeon Overview and Level Annotations

Branches:
Dungeon (3/15)

Altars:
Dithmenos


Innate Abilities, Weirdness & Mutations

You are a venomous arachnid creature.
You have venomous fangs.
You are tiny and dextrous.
Your spellcasting is less reliable in this form.
Your armour is entirely melded.
You are incapable of wielding weapons or throwing items.
((Your serpentine skin is tough. (AC +1)))
You have supernaturally acute eyesight. (SInv)
((Armour fits poorly on your strangely shaped body.))
((Your system is resistant to poisons. (rPois)))
((You cover ground very slowly.))
You can spit poison.
((You have a snake-like lower body.))


Message History

Beogh smites you!
An orc comes into view. It is wielding a +0 flail.
The orc priest mumbles some strange prayers to Beogh against you.
Beogh smites you!
* * * LOW HITPOINT WARNING * * *
The orc shouts!
The orc priest attacks as you move away!
The orc priest barely misses you.
You hit the orc priest.
The orc priest is poisoned.
The orc priest is lightly wounded.
The orc priest misses you.
Your transformation has ended.
Your +0 robe unmelds from your body.
Casting: Spider Form (dangerous; 16% risk of failure)
Confirm with . or Enter, or press ? or * to list all spells.
You turn into a venomous arachnid creature.
Your +0 robe melds into your body.
The orc priest closely misses you.
You completely miss the orc priest.
The orc priest is heavily wounded.
The orc priest calls upon Beogh to heal the orc priest.
The orc priest is healed somewhat.
The orc priest closely misses you.
Unknown command.
The orc priest attacks as you move away!
The orc priest closely misses you.
The orc priest calls upon Beogh to heal the orc priest.
The orc priest's wounds heal themselves!
The orc priest looks more healthy.
The orc priest calls upon Beogh to heal the orc priest.
The orc priest's wounds heal themselves!
The orc priest attacks as you move away!
The orc priest barely misses you.
The orc priest calls down the wrath of Beogh upon you.
You struggle to resist.
Bite: -) Fangs (venom)
Press: ? - help, Dir - move target, f/p - orc priest
Aim: an orc priest, wielding a +0 flail (about 21% to evade your front pincers)
Okay, then.
The orc priest calls down the wrath of Beogh upon you.
Beogh smites you!
You die...

#o. #.# ... ####o#
[.#o# #########.#.#
#.........#.####.#
####..o.o...o.......#
#<..s)..o..#.########
######.....#.#
#.......# #####.#.#
#####


You could see 2 orc priests and an orc.

Vanquished Creatures
  Natasha (twice) (D:2)
  7 gnolls (D:2)
  3 adders (D:2)
  A worm (D:2)
  5 ball pythons
  2 bats
  2 endoplasms (D:2)
  5 giant cockroaches
  2 goblins
  4 hobgoblins
  3 jackals (D:1)
  8 kobolds
  2 quokkas (D:1)
  6 frilled lizards (D:1)
  2 rats (D:1)
54 creatures vanquished.

Notes
Turn   | Place    | Note
-------+----------+-------------------------------------------
     0 | D:1      | Fartwhistle the Naga Transmuter began the quest for the
                  | Orb.
     0 | D:1      | Reached XP level 1. HP: 18/18 MP: 3/3
     1 | D:1      | Noticed an electric eel
    85 | D:1      | Found a faded altar of an unknown god.
   433 | D:1      | Reached XP level 2. HP: 25/25 MP: 1/5
   436 | D:1      | Learned a level 2 spell: Wereblood
   714 | D:1      | HP: 1/25 [jackal (2)]
  1082 | D:1      | Reached skill level 3 in Transmutations
  1085 | D:1      | Reached XP level 3. HP: 26/31 MP: 6/6
  1089 | D:1      | Learned a level 3 spell: Spider Form
  1695 | D:2      | Reached skill level 1 in Poison Magic
  1711 | D:2      | Reached XP level 4. HP: 6/38 MP: 3/8
  2078 | D:2      | Found a shadowy altar of Dithmenos.
  2163 | D:2      | Noticed Natasha
  2174 | D:2      | Killed Natasha
  2175 | D:2      | Reached skill level 4 in Transmutations
  2175 | D:2      | Reached XP level 5. HP: 42/44 MP: 6/9
  2760 | D:2      | Noticed Natasha
  2766 | D:2      | Killed Natasha
  3117 | D:3      | Killed from afar by an orc priest

Illustrated notes

Levels and vault maps discovered:
D:1:      arrival_aquarium_a, layout_basic, ebering_ecumenical_altar_box,
          minmay_crystal_water
D:2:      layout_basic, basic_altar, uniq_natasha
D:3:      layout_basic, uniq_ijyb

Skill      XL: |  1  2  3  4  5 |
---------------+----------------+-----
Transmutations | 3 4 |  4.7
Poison Magic   | 1 2 |  2.0
Spellcasting   | 3 |  3.2
Fighting       | |  1.0
Dodging        | |  1.5
Unarmed Combat | |  3.0

Action                     |  1- 3 |  4- 6 || total
---------------------------+-------+-------++-------
  Melee: Unarmed           |   138 |    85 ||   223
         Punch             |     4 |       ||     4
         Headbutt          |     4 |       ||     4
   Cast: Beastly Appendage |     7 |       ||     7
         Spider Form       |     1 |     8 ||     9
Ability: Spit Poison       |     9 |     8 ||    17
    Use: Potion            |     2 |       ||     2
         Scroll            |       |     1 ||     1
   Stab: Sleeping          |       |     1 ||     1
 Armour: Robe              |    15 |     8 ||    23
         Skin              |     8 |    16 ||    24
  Dodge: Dodged            |    79 |    57 ||   136
